 Dungeon Crawl Stone Soup version 0.30-a0-371-gad7725a93e (webtiles) character file.

Game seed: 4449994194939384878

1222 bande the Chopper (level 8, -16/73 HPs)
             Began as a Gargoyle Fighter on Nov 21, 2022.
             Was a Follower of Okawaru.
             Demolished by a shadow (31 damage)
             ... on level 7 of the Dungeon.
             The game lasted 00:08:58 (4872 turns).

bande the Chopper (Gargoyle Fighter)                Turns: 4872, Time: 00:08:59

Health: -16/73     AC: 15    Str: 20    XL:     8   Next: 47%
Magic:  10/10      EV:  9    Int:  9    God:    Okawaru [*.....]
Gold:   292        SH:  6    Dex: 11    Spells: 7/7 levels left

rFire   + . .      SeeInvis .    a - +0 war axe (freeze)
rCold   . . .      Faith    .    c - +1 buckler
rNeg    + . .      Spirit   .    b - +0 scale mail
rPois   ∞          Reflect  .    g - +1 helmet
rElec   +          Harm     .    (no cloak)
rCorr   .          Rampage  .    (no gloves)
Will    .....                    (no boots)
Stlth   ..........               (no amulet)
HPRegen 0.32/turn                o - ring of protection from fire
MPRegen 0.12/turn                (no ring)

@: berserking, very quick
A: sickness immunity, AC +5, negative energy resistance 1, electricity
resistance, torment resistance 1, petrification resistance
a: Renounce Religion, Heroism


You were on level 7 of the Dungeon.
You worshipped Okawaru.
Okawaru was aware of your devotion.
You visited 1 branch of the dungeon, and saw 7 of its levels.

You collected 303 gold pieces.
You spent 11 gold pieces at shops.

Inventory:

Hand Weapons
 a - a +0 war axe of freezing (weapon)
 l - a +0 flail
Armour
 b - a +0 scale mail (worn)
 c - a +1 buckler (worn)
 g - a +1 helmet (worn)
 p - a +1 hat
Jewellery
 h - a ring of ice
 n - an amulet of magic regeneration
 o - a ring of protection from fire (left hand)
Scrolls
 i - 2 scrolls of teleportation
 q - a scroll of identify
 r - a scroll of magic mapping
Potions
 d - a potion of might
 e - a potion of cancellation
 f - a potion of flight
 k - 2 potions of brilliance
 m - a potion of mutation


   Skills:
 + Level 5.3 Fighting
 + Level 6.5 Axes
 + Level 5.5 Armour
 + Level 4.5 Shields
 * Level 3.1 Invocations


You had 7 spell levels left.
You didn't know any spells.
Your spell library contained the following spells:

 Spells                   Type           Power      Damage    Failure   Level
 Freeze                   Ice            0%         1d3       80%         1
 Ensorcelled Hibernation  Hex/Ice        0%         N/A       91%         2
 Passwall                 Tmut/Erth      0%         N/A       91%         2
 Frozen Ramparts          Ice            0%         1d1       99%         3
 Hailstorm                Conj/Ice       0%         3d3       99%         3
 Swiftness                Air            0%         N/A       99%         3
 Dispel Undead            Necr           0%         3d6       100%        4
 Petrify                  Tmut/Erth      0%         N/A       100%        4
 Freezing Cloud           Conj/Ice/Air   0%         6-21      100%        5
 Irradiate                Conj/Tmut      0%         3d11      100%        5
 Polar Vortex             Ice            0%         N/A       100%        9
 Cigotuvi's Dreadful Rot  Necr/Pois/Air  Unusable   N/A       N/A         2
 Sublimation of Blood     Necr           Unusable   N/A       N/A         2
 Death Channel            Necr           Unusable   N/A       N/A         6
 Simulacrum               Ice/Necr       Unusable   N/A       N/A         6

Dungeon Overview and Level Annotations

Branches:
Dungeon (7/15)
 Temple: D:4-7

Altars:
Ashenzari
Dithmenos
Elyvilon
Hepliaklqana
Makhleb
Nemelex Xobeh
Okawaru
Sif Muna
Vehumet
Wu Jian
Xom

Shops:
D:5 !


Innate Abilities, Weirdness & Mutations

You are immune to sickness and miasma.
Your stone body is resilient. (AC +5)
You are immune to poison.
You resist negative energy. (rN+)
You are resistant to electric shocks. (rElec)
You are resistant to unholy torment.
You are immune to petrification.


Message History

No target in view!
No target in view!
No target in view!
No target in view!
You hit something.
The shadow strikes at you from the darkness!
Ouch! That really hurt!
Reactivating autopickup.
You closely miss the shadow.
The shadow is lightly damaged.
The shadow closely misses you.
You barely miss the shadow.
The shadow is lightly damaged.
The shadow hits you.
You slash the shadow!
The shadow is moderately damaged.
The shadow hits you.
You closely miss the shadow.
The shadow is moderately damaged.
The shadow slips into darkness.
The shadow flickers and vanishes!
Deactivating autopickup; reactivate with Ctrl-A.
The shadow strikes at you from the darkness!
* * * LOW HITPOINT WARNING * * *
Reactivating autopickup.
A red film seems to cover your vision as you go berserk!
You feel yourself moving faster!
You feel mighty! You block the shadow's attack.
You barely miss the shadow.
The shadow is moderately damaged.
Unknown command.
You hit the shadow.
The shadow is heavily damaged.
The shadow slips into darkness.
The shadow flickers and vanishes!
Deactivating autopickup; reactivate with Ctrl-A.
Unknown command.
You miss something.
The shadow strikes at you from the darkness!
You die...

#.... ......)
#.... .......
..$..# .......
.....# .......
#....####.....#
#...##....#
#........#
#<[.@{..#
#.......#
##.....##
#$..#.# #.^#..#
...#.## #.....#
...####


There were no monsters in sight!

Vanquished Creatures
  2 ice beasts
  3 ogres
  A necrophage (D:3)
  3 wights (D:6)
  2 orc priests (D:4)
  3 hounds
  3 jellies
  A gnoll bouda (D:6)
  Terence (D:2)
  2 orc wizards (D:4)
  4 iguanas (D:5)
  2 adders
  3 gnolls (D:6)
  2 ufetubi (D:6)
  A worm (D:4)
  A dart slug (D:1)
  9 orcs
  10 ball pythons
  3 endoplasms
  6 giant cockroaches
  5 goblins (D:1)
  6 hobgoblins
  6 jackals (D:3)
  3 kobolds
  A quokka (D:4)
  5 bats
  5 rats
93 creatures vanquished.

Notes
Turn   | Place    | Note
-------+----------+-------------------------------------------
     0 | D:1      | bande the Gargoyle Fighter began the quest for the Orb.
     0 | D:1      | Reached XP level 1. HP: 14/14 MP: 1/1
    75 | D:1      | Reached XP level 2. HP: 19/19 MP: 2/2
    81 | D:1      | Reached skill level 2 in Axes
   425 | D:1      | Reached XP level 3. HP: 23/23 MP: 3/3
  1374 | D:2      | Noticed Terence
  1395 | D:2      | Killed Terence
  1396 | D:2      | Reached XP level 4. HP: 11/29 MP: 4/4
  1825 | D:3      | Noticed a necrophage
  1837 | D:3      | Killed a necrophage
  1838 | D:3      | Reached skill level 3 in Axes
  1838 | D:3      | Reached XP level 5. HP: 31/33 MP: 5/5
  1874 | D:3      | Found a burning altar of Makhleb.
  2214 | D:3      | Found an ornate altar of the Wu Jian Council.
  2486 | D:4      | Noticed an ogre
  2489 | D:4      | Killed an ogre
  2490 | D:4      | Reached skill level 4 in Axes
  2490 | D:4      | Reached XP level 6. HP: 38/38 MP: 6/6
  2598 | D:4      | HP: 1/38 [orc priest/+0 short sword (3)]
  2844 | D:4      | Found a shadowy altar of Dithmenos.
  2870 | D:4      | Found a shimmering altar of Xom.
  2870 | D:4      | Found a sparkling altar of Nemelex Xobeh.
  2870 | D:4      | Found a shimmering blue altar of Sif Muna.
  2878 | D:4      | Found a broken altar of Ashenzari.
  2881 | D:4      | Found a radiant altar of Vehumet.
  2899 | D:4      | Found a white marble altar of Elyvilon.
  2912 | D:4      | Found a hazy altar of Hepliaklqana.
  2915 | D:4      | Found an iron altar of Okawaru.
  2923 | D:4      | Became a worshipper of Warmaster Okawaru
  3304 | D:5      | Entered Level 5 of the Dungeon
  3334 | D:5      | Noticed an ice beast
  3342 | D:5      | Killed an ice beast
  3343 | D:5      | Reached skill level 5 in Axes
  3343 | D:5      | Reached XP level 7. HP: 44/44 MP: 7/7
  3346 | D:5      | Found Zaqedgh's Distillery.
  3359 | D:5      | Bought a potion of degeneration for 11 gold pieces
  3378 | D:5      | Reached skill level 1 in Invocations
  3405 | D:5      | Reached skill level 5 in Armour
  3779 | D:5      | Reached skill level 5 in Fighting
  3966 | D:6      | Reached * piety under Okawaru
  3967 | D:6      | Reached XP level 8. HP: 46/49 MP: 9/9
  4003 | D:6      | Reached skill level 6 in Axes
  4047 | D:6      | HP: 2/49 [wight/+1 battleaxe of freezing (3)]
  4833 | D:6      | Noticed a yak
  4833 | D:6      | Noticed a yak
  4834 | D:6      | Noticed a yak
  4834 | D:6      | Noticed a yak
  4860 | D:7      | Noticed a shadow
  4872 | D:7      | Demolished by a shadow

Illustrated notes

Levels and vault maps discovered:
D:1:      dpeg_arrival_prison, layout_basic, lemuel_flame_loot_1
D:2:      layout_loops_cross, minmay_misc_feat_tower, minmay_misc_feat_square,
          kennysheep_generic_room_12, uniq_terence
D:3:      layout_loops_cross, nzn_wu_jian_council_hall, lemuel_crystal_altar
D:4:      layout_cave_pools, nicolae_overflow_hallway_of_the_gods
D:5:      layout_rooms, serial_shops, shop
D:6:      layout_basic
D:7:      layout_layer_cave, chei_slow_surprise, minmay_temple_entry_glass,
          uniq_duvessa

Skill      XL: |  1  2  3  4  5  6  7  8 |
---------------+-------------------------+-----
Axes           | 2 3 4 5 6 |  6.5
Armour         | 4 5 |  5.5
Fighting       | 4 5 |  5.3
Shields        | 4 |  4.5
Invocations    | 2 3 |  3.1

Action                   |  1- 3 |  4- 6 |  7- 9 || total
-------------------------+-------+-------+-------++-------
Melee: War axe           |    90 |   152 |    90 ||   332
  Use: Scroll            |     5 |     9 |     2 ||    16
       Potion            |       |     1 |     1 ||     2
Armor: Scale mail        |    47 |   120 |    51 ||   218
Dodge: Dodged            |    44 |    78 |    42 ||   164
Block: Buckler           |    21 |    37 |    29 ||    87

Table legend: (Time is in decaauts)
 A = Elapsed time spent in this place.
 B = Non-inter-level travel time spent in this place.
 C = Inter-level travel time spent in this place.
 D = Time resting spent in this place.
 E = Time spent auto-exploring this place.
 F = Levels seen in this place.
 G = Mean time per level.
                   A        B        C        D        E       F      G
               +--------+--------+--------+--------+--------+-----+--------+
         Total |   4985 |   4949 |     36 |    863 |   3092 |   7 |  712.1 |
       Dungeon |   4985 |   4949 |     36 |    863 |   3092 |   7 |  712.1 |
               +--------+--------+--------+--------+--------+-----+--------+

Top non-repeatable levels by time:
     D:1: 985 daAuts
     D:6: 938 daAuts
     D:4: 908 daAuts
     D:2: 833 daAuts
     D:3: 668 daAuts
     D:5: 640 daAuts
     D:7: 12 daAuts
